 Dungeon Crawl Stone Soup version 0.27-a0-1586-gd5c625afe7 (webtiles) character file.

Game seed: 7056649096568264613

6 HAL9000 the Sneak (level 1, 0/11 HPs)
             Began as a Vine Stalker Brigand on July 18, 2021.
             Slain by a bat (1 damage)
             ... on level 1 of the Dungeon.
             The game lasted 00:00:18 (88 turns).

HAL9000 the Sneak (Vine Stalker Brigand)              Turns: 88, Time: 00:00:19

Health: 0/11       AC:  3    Str: 13    XL:     1   Next: 90%
Magic:  0/2        EV: 11    Int: 11    God:
Gold:   16         SH:  0    Dex: 15    Spells: 0/0 levels left

rFire    . . .     SeeInvis .   a - +2 dagger
rCold    . . .     Faith    .   (no shield)
rNeg     . . .     Spirit   +   b - +0 robe
rPois    .         Reflect  .   (no helmet)
rElec    .         Harm     .   c - +0 cloak
rCorr    .         Rampage  .   (no gloves)
Will     .....                  (no boots)
Stlth    +++.......             (no amulet)
HPRegen  0.03/turn              (no ring)
MPRegen  0.08/turn              (no ring)

@: no status effects
A: fangs 2, magic shield, antimagic bite, no potion heal 2
a: no special abilities


You were on level 1 of the Dungeon.
You visited 1 branch of the dungeon, and saw 1 of its levels.

You collected 16 gold pieces.

Inventory:

Hand Weapons
 a - a +2 dagger (weapon)
Missiles
 d - 8 poisoned darts (quivered)
 e - 2 curare-tipped darts
Armour
 b - a +0 robe (worn)
 c - a +0 cloak (worn)
Jewellery
 f - a ring of fire


   Skills:
 - Level 1.7 Fighting
 - Level 1.7 Short Blades
 + Level 2.3 Throwing
 - Level 0.7 Dodging
 - Level 4.8 Stealth


You couldn't memorise any spells.
You didn't know any spells.
Your spell library was empty.

Dungeon Overview and Level Annotations

Branches:
Dungeon (1/15)

Altars:


Innate Abilities, Weirdness & Mutations

You have extremely sharp teeth.
When hurt, damage is shared between your health and your magic reserves.
Your bite disrupts and absorbs the magic of your enemies.
Potions cannot restore your health.


Message History

The quokka bites you.
* * * LOW HITPOINT WARNING * * *
You are too injured to fight recklessly!
You hit the quokka. Your bite misses the quokka.
The quokka is severely wounded.
The bat hits you but does no damage. The quokka closely misses you.
You are too injured to fight recklessly!
You hit the quokka but do no damage. Your bite misses the quokka.
The quokka is severely wounded.
The bat closely misses you. The quokka closely misses you.
An endoplasm comes into view.
A ball python and a giant cockroach come into view.
The bat hits you but does no damage.
You closely miss the quokka. Your bite misses the quokka.
The quokka is severely wounded.
The bat hits you.
* * * LOW HITPOINT WARNING * * *
The quokka misses you.
You are too injured to fight recklessly!
You barely miss the quokka. You bite the quokka. You drain its power.
You feel invigorated.
The quokka is almost dead.
The bat misses you. The quokka barely misses you. The quokka bites you.
You are too injured to fight recklessly!
You hit the quokka.
You kill the quokka!
The bat hits you but does no damage.
You hit the jackal.
The jackal is heavily wounded.
The bat closely misses you. The jackal barely misses you.
You are too injured to fight recklessly!
You hit the jackal.
You kill the jackal!
The ball python hisses angrily.
The bat hits you but does no damage. The bat hits you.
A goblin comes into view. It is wielding a +0 club.
You are too injured to fight recklessly!
You closely miss the bat. The bat hits you but does no damage.
The bat hits you.
You die...

....#.J....##.........#...
.>..#...##)# .............
..........# ............
#...#.#.### ........#...
!........## ........#...
#.......hh# . #......##h#
... ...##. #b##...Sg .. #.
#@....... . #....b...####
#..#..#..## .. .... ...#
..... .#... ....... .#....
..$.... ....... ....... B.
###.


You could see 3 jackals, a giant cockroach (asleep), a goblin (wandering), 2
bats and a ball python.

Vanquished Creatures
  A bat (D:1)
  An endoplasm (D:1)
  A jackal (D:1)
  A quokka (D:1)
  A rat (D:1)
5 creatures vanquished.

Notes
Turn   | Place    | Note
-------+----------+-------------------------------------------
     0 | D:1      | HAL9000 the Vine Stalker Brigand began the quest for the
                  | Orb.
     0 | D:1      | Reached XP level 1. HP: 11/11 MP: 2/2
    88 | D:1      | Slain by a bat

Illustrated notes

Levels and vault maps discovered:
D:1:      nzn_arrival_crosshair, layout_rooms

Skill      XL: |  1 |
---------------+----+-----
Throwing       | 2 |  2.3
Fighting       | |  1.7
Short Blades   | |  1.7
Dodging        | |  0.7
Stealth        | |  4.8

Action                   || total
-------------------------++-------
Melee: Dagger            ||    19
       Bite              ||     3
Armor: Robe              ||    12
Dodge: Dodged            ||    22

Table legend: (Time is in decaauts)
 A = Elapsed time spent in this place.
 B = Non-inter-level travel time spent in this place.
 C = Inter-level travel time spent in this place.
 D = Time resting spent in this place.
 E = Time spent auto-exploring this place.
 F = Levels seen in this place.
 G = Mean time per level.
                   A        B        C        D        E       F      G
               +--------+--------+--------+--------+--------+-----+--------+
         Total |     86 |     86 |      0 |      0 |     48 |   1 |   86.0 |
       Dungeon |     86 |     86 |      0 |      0 |     48 |   1 |   86.0 |
               +--------+--------+--------+--------+--------+-----+--------+

Top non-repeatable levels by time:
     D:1: 86 daAuts
